 Dungeon Crawl Stone Soup version 0.26.0-10-g1f06aea511 (webtiles) character file.

Game seed: 8319919640194156717

801 Dracia the Grasshopper (level 7, -1/56 HPs)
             Began as a Gnoll Warper on Jan 15, 2021.
             Was a Believer of Okawaru.
             Slain by an orc warrior
             ... wielding a +0 dire flail
              (16 damage)
             ... on level 6 of the Dungeon.
             The game lasted 00:08:01 (4786 turns).

Dracia the Grasshopper (Gnoll Warper)               Turns: 4786, Time: 00:08:01

Health: -1/56      AC: 14    Str: 15    XL:     7   Next: 90%
Magic:  15/15      EV: 12    Int: 16    God:    Okawaru [**....]
Gold:   264        SH: 12    Dex: 14    Spells: 3/17 levels left

rFire    . . .     SeeInvis .   q - +1 trident (protect)
rCold    . . .     Faith    .   r - +4 kite shield {AC+3}
rNeg     . . .     Spirit   .   b - +0 leather armour
rPois    .         Reflect  .   (no helmet)
rElec    .         Harm     .   (no cloak)
rCorr    +         Rampage  .   (no gloves)
Will     .....                  l - +0 pair of boots
Stlth    ++........             c - amulet of magic regeneration
HPRegen  0.18/turn              R - ring of resist corrosion
MPRegen  0.39/turn              (no ring)

@: protection aura
A: distributed training, fangs 1, strong nose
a: Renounce Religion, Heroism


You were on level 6 of the Dungeon.
You worshipped Okawaru.
Okawaru was pleased with you.
You visited 1 branch of the dungeon, and saw 6 of its levels.

You collected 264 gold pieces.


Innate Abilities, Weirdness & Mutations

Your experience applies equally to all skills.
You have very sharp teeth.
Your uncanny sense of smell can sniff out nearby items.


   Skills:
 + Level 5.4 Fighting
 + Level 2.7 Short Blades
 + Level 5.4 Long Blades
 + Level 2.7 Axes
 + Level 2.7 Maces & Flails
 + Level 2.7 Polearms
 + Level 2.7 Staves
 + Level 2.7 Slings
 + Level 2.7 Bows
 + Level 2.7 Crossbows
 + Level 3.8 Throwing
 + Level 3.8 Armour
 + Level 5.4 Dodging
 + Level 2.7 Stealth
 + Level 2.7 Shields
 + Level 2.7 Unarmed Combat
 + Level 5.7 Spellcasting
 + Level 2.2 Conjurations
 + Level 2.2 Hexes
 + Level 2.2 Summonings
 + Level 2.2 Necromancy
 + Level 5.9 Translocations
 + Level 2.2 Transmutations
 + Level 2.2 Fire Magic
 + Level 2.2 Ice Magic
 + Level 2.2 Air Magic
 + Level 2.2 Earth Magic
 + Level 2.2 Poison Magic
 + Level 3.0 Invocations
 + Level 2.7 Evocations


You had 3 spell levels left.
You knew the following spells:

 Your Spells              Type           Power        Failure   Level
g - Gell's Gravitas       Tloc           11%          22%         3
l - Lesser Beckoning      Tloc           11%          22%         3
o - Confusing Touch       Hex            11%          69%         3
t - Teleport Other        Tloc           23%          22%         3
I - Blink                 Tloc           N/A          11%         2

Your spell library contained the following spells:

 Spells                   Type           Power        Failure   Level
 Corona                   Hex            12%          32%         1
 Ensorcelled Hibernation  Hex/Ice        22%          45%         2
 Dazzling Flash           Conj/Hex       22%          69%         3
 Tukima's Dance           Hex            11%          69%         3
 Passage of Golubria      Tloc           N/A          58%         4

Inventory:

Hand Weapons
 a - a +0 falchion
 q - a +1 trident of protection (weapon)
Missiles
 e - 5 boomerangs of dispersal (quivered) {=f=f}
 f - 24 poisoned darts
 w - 4 curare-tipped darts {=f=f}
 z - 2 silver boomerangs
Armour
 b - a +0 leather armour (worn)
 i - a +2 chain mail of cold resistance
 l - a +0 pair of boots (worn)
 r - a +4 kite shield of protection (worn)
Magical Staves
 u - an uncursed staff of fire {!a!a, unknown}
Jewellery
 c - an amulet of magic regeneration (around neck)
 R - a ring of resist corrosion (left hand)
Wands
 v - a wand of polymorph (3)
Scrolls
 d - 2 scrolls of blinking
 j - 4 scrolls of identify {@r1@r1}
 k - a scroll of random uselessness
 n - 4 scrolls of remove curse {@r2@r2}
 o - a scroll of teleportation {@r4@r4}
 s - a scroll of noise
Potions
 g - a potion of haste {@q3@q3}
 h - a potion of curing {@q1@q1}
 A - 2 potions of flight
 E - a potion of degeneration

Dungeon Overview and Level Annotations

Branches:
Dungeon (6/15)
 Temple: D:4-7

Altars:
Ashenzari
Cheibriados
Dithmenos
Elyvilon
Okawaru
Xom
Yredelemnul
The Shining One

#...#.. ...##
.##.. #.>>.
...8. ##....
##....$ #.....
...8.8. ......#
..... .......
o..#
.......##lZ.###.
#..{o@o8.8.8.
##..##)...$..
##. .8.8.8. ..
#...#.8 ##. ##.#
# ## ..# .# .


You could see an orc warrior, an iguana, an orc wizard, an orc and a leopard
gecko zombie.


Message History

An orc comes into view. It is wielding a +0 flail.
The orc wizard mumbles some strange words.
The orc wizard blinks!
You block the iguana's attack.
You barely miss the orc warrior.
You bite the orc warrior, but do no damage.
You block the leopard gecko zombie's attack.
The orc warrior barely misses you. The iguana bites you!
You block the leopard gecko zombie's attack.
Unknown command.
You barely miss the orc warrior. The orc warrior closely misses you.
The iguana closely misses you.
You block the leopard gecko zombie's attack.
Unknown command.
You barely miss the orc warrior. You block the orc warrior's attack.
The iguana bites you. The leopard gecko zombie misses you.
The iguana closely misses you.
The orc warrior hits you with a +0 dire flail!
* * * LOW HITPOINT WARNING * * *
Unknown command.
You hit the leopard gecko zombie.
Your weapon exudes an aura of protection.
The leopard gecko zombie is severely damaged.
You block the leopard gecko zombie's attack.
The iguana closely misses you.
The orc warrior hits you with a +0 dire flail.
* * * LOW HITPOINT WARNING * * *
Your shield prevents you from hitting the orc warrior.
The iguana misses you.
The orc warrior hits you with a +0 dire flail!
You die...

Skill      XL: |  1  2  3  4  5  6  7 |
---------------+----------------------+-----
Spellcasting   | 5 |  5.7
Invocations    | 1 2 3 |  3.0
Short Blades   | 1 2 |  2.7
Axes           | 1 2 |  2.7
Maces & Flails | 1 2 |  2.7
Polearms       | 1 2 |  2.7
Staves         | 1 2 |  2.7
Slings         | 1 2 |  2.7
Bows           | 1 2 |  2.7
Crossbows      | 1 2 |  2.7
Stealth        | 1 2 |  2.7
Shields        | 1 2 |  2.7
Unarmed Combat | 1 2 |  2.7
Evocations     | 1 2 |  2.7
Conjurations   | 1 2 |  2.2
Hexes          | 1 2 |  2.2
Summonings     | 1 2 |  2.2
Necromancy     | 1 2 |  2.2
Transmutations | 1 2 |  2.2
Fire Magic     | 1 2 |  2.2
Ice Magic      | 1 2 |  2.2
Air Magic      | 1 2 |  2.2
Earth Magic    | 1 2 |  2.2
Poison Magic   | 1 2 |  2.2
Throwing       | 3 |  3.8
Armour         | 3 |  3.8
Fighting       | 5 |  5.4
Long Blades    | 5 |  5.4
Dodging        | 5 |  5.4
Translocations | |  5.9

Action                   |  1- 3 |  4- 6 |  7- 9 || total
-------------------------+-------+-------+-------++-------
Melee: Falchion          |    89 |   254 |    60 ||   403
       Bite              |     8 |    26 |    12 ||    46
       Trident           |       |       |    50 ||    50
  Use: Scroll            |     1 |       |    15 ||    16
       Potion            |       |     9 |       ||     9
 Stab: Sleeping          |     2 |     3 |     3 ||     8
Armor: Leather armour    |    10 |    56 |    13 ||    79
       Skin              |       |    10 |       ||    10
       Chain mail        |       |       |    34 ||    34
Dodge: Dodged            |    51 |   101 |    42 ||   194
Block: Kite shield       |    10 |   122 |    61 ||   193
       Rpst.: Falchion   |    23 |    32 |     7 ||    62

Levels and vault maps discovered:
D:1:      tarquinn_simple_flora_water_c, layout_rooms
D:2:      layout_basic, gammafunk_temple_overflow_forgotten,
          chequers_ecumenical_altar_twisty, minmay_misc_feat_pillars
D:3:      layout_basic, lemuel_round_altar, nicolae_overflow_hidden_temple,
          chequers_garden, minivault_19
D:4:      layout_basic, kennysheep_little_box, lemuel_round_altar,
          minmay_strange_pillars
D:5:      layout_basic, lemuel_crystal_altar,
          amcnicky_mini_rare_corridor_liquid, serial_park_tiny_pond, uniq_edmund
D:6:      hangedman_cross_stitches, layout_cave_pools, serial_column_ruins,
          column_ruins_pillar_1, column_ruins_pillar_2, column_ruins_pillar_1,
          column_ruins_pillar_6, column_ruins_pillar_7, column_ruins_pillar_11,
          column_ruins_pillar_2, column_ruins_pillar_9, column_ruins_pillar_8,
          column_ruins_pillar_5, column_ruins_pillar_4, column_ruins_pillar_2,
          column_ruins_pillar_6, serial_shops, nicolae_shop_crystal,
          minmay_shop_enchanted_jewellery, minmay_misc_feat_x, uniq_menkaure

Notes
Turn   | Place    | Note
-------+----------+-------------------------------------------
     0 | D:1      | Dracia the Gnoll Warper began the quest for the Orb.
     0 | D:1      | Reached XP level 1. HP: 20/20 MP: 6/6
   114 | D:1      | Reached XP level 2. HP: 26/26 MP: 7/7
   120 | D:1      | Learned a level 2 spell: Blink
   531 | D:1      | Reached XP level 3. HP: 31/31 MP: 9/9
   554 | D:1      | Learned a level 3 spell: Gell's Gravitas
   558 | D:1      | Learned a level 3 spell: Lesser Beckoning
   562 | D:1      | Learned a level 3 spell: Teleport Other
   669 | D:2      | Reached skill level 5 in Spellcasting
   706 | D:2      | Reached skill level 1 in Invocations
   749 | D:2      | Reached skill level 1 in Short Blades
   749 | D:2      | Reached skill level 1 in Axes
   749 | D:2      | Reached skill level 1 in Maces & Flails
   749 | D:2      | Reached skill level 1 in Polearms
   749 | D:2      | Reached skill level 1 in Staves
   749 | D:2      | Reached skill level 1 in Slings
   749 | D:2      | Reached skill level 1 in Bows
   749 | D:2      | Reached skill level 1 in Crossbows
   749 | D:2      | Reached skill level 1 in Stealth
   749 | D:2      | Reached skill level 1 in Shields
   749 | D:2      | Reached skill level 1 in Unarmed Combat
   749 | D:2      | Reached skill level 1 in Evocations
   900 | D:2      | Found a faded altar of an unknown god.
  1094 | D:2      | Reached XP level 4. HP: 38/38 MP: 11/11
  1282 | D:2      | Found a white marble altar of Elyvilon.
  1282 | D:2      | Found a broken altar of Ashenzari.
  1282 | D:2      | Found an iron altar of Okawaru.
  1415 | D:3      | Reached skill level 1 in Conjurations
  1415 | D:3      | Reached skill level 1 in Hexes
  1415 | D:3      | Reached skill level 1 in Summonings
  1415 | D:3      | Reached skill level 1 in Necromancy
  1415 | D:3      | Reached skill level 1 in Transmutations
  1415 | D:3      | Reached skill level 1 in Fire Magic
  1415 | D:3      | Reached skill level 1 in Ice Magic
  1415 | D:3      | Reached skill level 1 in Air Magic
  1415 | D:3      | Reached skill level 1 in Earth Magic
  1415 | D:3      | Reached skill level 1 in Poison Magic
  1628 | D:3      | Reached XP level 5. HP: 40/43 MP: 12/12
  1812 | D:2      | Became a worshipper of Warmaster Okawaru
  1883 | D:3      | Found a shadowy altar of Dithmenos.
  2072 | D:3      | Found a shimmering altar of Xom.
  2216 | D:4      | Found a basalt altar of Yredelemnul.
  2224 | D:4      | Reached skill level 3 in Throwing
  2224 | D:4      | Reached skill level 3 in Armour
  2434 | D:4      | Reached skill level 2 in Invocations
  2434 | D:4      | Reached XP level 6. HP: 50/50 MP: 13/13
  2819 | D:4      | Found a glowing golden altar of the Shining One.
  3028 | D:4      | Learned a level 3 spell: Confusing Touch
  3198 | D:5      | Entered Level 5 of the Dungeon
  3213 | D:5      | Reached skill level 5 in Fighting
  3213 | D:5      | Reached skill level 2 in Short Blades
  3213 | D:5      | Reached skill level 5 in Long Blades
  3213 | D:5      | Reached skill level 2 in Axes
  3213 | D:5      | Reached skill level 2 in Maces & Flails
  3213 | D:5      | Reached skill level 2 in Polearms
  3213 | D:5      | Reached skill level 2 in Staves
  3213 | D:5      | Reached skill level 2 in Slings
  3213 | D:5      | Reached skill level 2 in Bows
  3213 | D:5      | Reached skill level 2 in Crossbows
  3213 | D:5      | Reached skill level 5 in Dodging
  3213 | D:5      | Reached skill level 2 in Stealth
  3213 | D:5      | Reached skill level 2 in Shields
  3213 | D:5      | Reached skill level 2 in Unarmed Combat
  3213 | D:5      | Reached skill level 2 in Evocations
  3550 | D:5      | Noticed Edmund
  3623 | D:5      | Killed Edmund
  3623 | D:5      | Reached * piety under Okawaru
  3624 | D:5      | Reached XP level 7. HP: 19/56 MP: 15/15
  3927 | D:5      | Found a snail-covered altar of Cheibriados.
  3996 | D:5      | Reached skill level 2 in Conjurations
  3996 | D:5      | Reached skill level 2 in Hexes
  3996 | D:5      | Reached skill level 2 in Summonings
  3996 | D:5      | Reached skill level 2 in Necromancy
  3996 | D:5      | Reached skill level 2 in Transmutations
  3996 | D:5      | Reached skill level 2 in Fire Magic
  3996 | D:5      | Reached skill level 2 in Ice Magic
  3996 | D:5      | Reached skill level 2 in Air Magic
  3996 | D:5      | Reached skill level 2 in Earth Magic
  3996 | D:5      | Reached skill level 2 in Poison Magic
  4544 | D:5      | Reached skill level 3 in Invocations
  4721 | D:6      | Reached ** piety under Okawaru
  4786 | D:6      | Slain by an orc warrior

Vanquished Creatures
  Edmund (D:5)
  An ogre (D:5)
  A scorpion (D:4)
  A hound (D:4)
  A centaur skeleton (D:4)
  2 jellies
  An orc priest (D:5)
  A bullfrog skeleton (D:5)
  2 iguanas (D:5)
  3 orc wizards
  A worker ant zombie (D:4)
  13 adders
  A shadow imp (D:6)
  A white imp (D:5)
  2 oozes
  An adder zombie (D:5)
  2 worms (D:2)
  2 dart slugs
  2 leopard geckos
  9 orcs
  3 giant cockroaches
  5 goblins
  5 hobgoblins
  10 jackals
  2 quokkas (D:4)
  3 bats
  2 frilled lizards
  6 kobolds
  A leopard gecko skeleton (D:5)
  A leopard gecko zombie (D:5)
  A quokka skeleton (D:6)
  A quokka zombie (D:6)
  5 rats
93 creatures vanquished.

Table legend: (Time is in decaauts)
 A = Elapsed time spent in this place.
 B = Non-inter-level travel time spent in this place.
 C = Inter-level travel time spent in this place.
 D = Time resting spent in this place.
 E = Time spent auto-exploring this place.
 F = Levels seen in this place.
 G = Mean time per level.
                   A        B        C        D        E       F      G
               +--------+--------+--------+--------+--------+-----+--------+
         Total |   4852 |   4696 |    156 |    469 |   3331 |   6 |  808.7 |
       Dungeon |   4852 |   4696 |    156 |    469 |   3331 |   6 |  808.7 |
               +--------+--------+--------+--------+--------+-----+--------+

Top non-repeatable levels by time:
     D:5: 1532 daAuts
     D:4: 993 daAuts
     D:2: 805 daAuts
     D:3: 761 daAuts
     D:1: 669 daAuts
     D:6: 90 daAuts

Table legend:
 A = Non-vault XP
 B = Vault XP
 C = Vault XP percentage of total XP
 D = Non-vault monster count
 E = Vault monster count
 F = Vault count percentage of total count
                 A         B        C        D         E       F
            +---------+---------+-------+---------+---------+-------
      Total |     936 |     209 |  18.3 |      91 |       2 |   2.2
            +---------+---------+-------+---------+---------+-------
        D:1 |      36 |       0 |   0.0 |      18 |       0 |   0.0
        D:2 |      89 |       0 |   0.0 |      23 |       0 |   0.0
        D:3 |      72 |       0 |   0.0 |      10 |       0 |   0.0
        D:4 |     215 |       0 |   0.0 |      11 |       0 |   0.0
        D:5 |     452 |     169 |  27.2 |      22 |       1 |   4.3
        D:6 |      72 |      40 |  35.7 |       7 |       1 |  12.5
            +---------+---------+-------+---------+---------+-------
